 Dungeon Crawl Stone Soup version 0.27.0-1-g7a089689b8 (webtiles) character file.

Game seed: 8677428798699047620

10 mopl the Sneak (level 2, 0/19 HPs)
             Began as an Octopode Brigand on Aug 1, 2021.
             Slain by a ball python (3 damage)
             ... on level 1 of the Dungeon.
             The game lasted 00:00:16 (116 turns).

mopl the Sneak (Octopode Brigand)                    Turns: 116, Time: 00:00:16

Health: 0/19       AC:  1    Str: 10    XL:     2   Next: 20%
Magic:  2/2        EV:  9    Int: 13    God:
Gold:   9          SH:  0    Dex: 13    Spells: 1/1 levels left

rFire    . . .     SeeInvis .   a - +2 dagger
rCold    . . .     Faith    .   (no shield)
rNeg     . . .     Spirit   .   (helmet restricted)
rPois    .         Reflect  .   (no amulet)
rElec    .         Harm     .   (no ring)
rCorr    .         Rampage  .   (no ring)
Will     .....                  (no ring)
Stlth    ++++......             (no ring)
HPRegen  0.06/turn              (no ring)
MPRegen  0.08/turn              (no ring)
                                (no ring)
                                (no ring)

@: constricted
A: almost no armour, amphibious, 8 rings, camouflage 1, gelatinous body 1,
(nimble swimmer 1), tentacles
a: no special abilities


You were on level 1 of the Dungeon.
You visited 1 branch of the dungeon, and saw 1 of its levels.

You collected 9 gold pieces.

Inventory:

Hand Weapons
 a - a +2 dagger (weapon)
Missiles
 b - 8 poisoned darts (quivered)
 c - 2 curare-tipped darts


   Skills:
 - Level 2.0 Fighting
 * Level 2.3 Short Blades
 + Level 2.1 Throwing
 - Level 1.0 Dodging
 * Level 5.6 Stealth


You had one spell level left.
You didn't know any spells.
Your spell library was empty.

Dungeon Overview and Level Annotations

Branches:
Dungeon (1/15)

Altars:


Innate Abilities, Weirdness & Mutations

You cannot wear most types of armour.
You are amphibious.
You can wear up to eight rings at the same time.
Your skin changes colour to match your surroundings (Stealth+).
Your rubbery body absorbs attacks. (AC +1, EV +1)
((You are camouflaged near water. (Stealth+)))
You have tentacles for arms and can constrict up to eight enemies at once.


Message History

The hobgoblin barely misses you.
You hit the hobgoblin.
The hobgoblin is severely wounded.
You constrict the hobgoblin. The hobgoblin barely misses you.
You hit the hobgoblin.
You kill the hobgoblin!
You have reached level 2!
You hit the ball python.
You kill the ball python!
The kobold throws a stone.
The stone hits you. The kobold hits you with a +4 whip.
Things that are here:
a ball python corpse; a hobgoblin corpse You hit the kobold.
Your grab misses the kobold. You squeeze the kobold.
You kill the kobold!
A ball python comes into view.
The ball python hisses angrily.
You hit the rat. Your grab misses the rat.
The rat is heavily wounded.
You hit the rat.
You kill the rat!
Items here: ( ) ††.
The ball python closely misses you. The ball python grabs you.
The ball python constricts you.
You barely miss the ball python. Your grab misses the ball python.
Your squeeze misses the ball python. The ball python bites you.
The ball python constricts you.
A goblin comes into view. It is wielding a +0 club.
The ball python closely misses you. The ball python constricts you.
You are too injured to fight recklessly!
You are too injured to fight recklessly!
You barely miss the ball python.
The goblin shouts!
Your grab misses the ball python. The ball python bites you.
* * * LOW HITPOINT WARNING * * *
x2 The ball python constricts you.
You hit the ball python. You grab the ball python.
The ball python is moderately wounded.
You constrict the ball python. The ball python bites you.
You die...

#.# ##...## #†#
##..## ##.# ##...
#..# #.## #.##
####.#. #.###
#......
#...###.##.##
#######......##.#
#@)†...g.######.##
#S.######..#
###... ....##
##.###..... ...###
......... ...
.....#.## ..
.##..... #
###..... #.....
#....


You could see a goblin and a ball python.

Vanquished Creatures
  A dart slug (D:1)
  A giant cockroach (D:1)
  2 hobgoblins (D:1)
  A kobold (D:1)
  2 ball pythons (D:1)
  A rat (D:1)
8 creatures vanquished.

Notes
Turn   | Place    | Note
-------+----------+-------------------------------------------
     0 | D:1      | mopl the Octopode Brigand began the quest for the Orb.
     0 | D:1      | Reached XP level 1. HP: 14/14 MP: 1/1
   107 | D:1      | Reached XP level 2. HP: 19/19 MP: 2/2
   116 | D:1      | Slain by a ball python

Illustrated notes

Levels and vault maps discovered:
D:1:      dpeg_arrival_more_subterranean_lakeside_camping, layout_rooms,
          shapermc_ecumenical_altar_mp_highgroup, corexii_corridor_pit,
          corexii_corridor_pit, glass_columns_b, st_stairs_11

Action                   || total
-------------------------++-------
Melee: Dagger            ||    15
       Constrict         ||     3
       Tentacles         ||     2
 Stab: Sleeping          ||     2
Armor: Skin              ||     1
Dodge: Dodged            ||     6
